 Dungeon Crawl Stone Soup version 0.18-a0-183-gad09a0e (webtiles) character file.

757 Zippy the Grappler (level 7, -1/57 HPs)
             Began as a Black Draconian Chaos Knight on Nov 23, 2015.
             Slain by a worker ant (3 damage)
             ... on level 4 of the Dungeon.
             The game lasted 00:09:21 (4057 turns).

Zippy the Grappler (Black Draconian Chaos Knight)   Turns: 4057, Time: 00:09:21

Health: -1/57      AC:  6    Str: 14    XL:     7   Next: 50%
Magic:  7/7        EV: 12    Int: 13    God:    Xom [....*.]
Gold:   89         SH:  0    Dex: 12    Spells: 0 memorised, 6 levels left

rFire  + . .     SeeInvis .       - Unarmed
rCold  + . .     Clarity  .     (armour unavailable)
rNeg   . . .     SustAt   .     (no shield)
rPois  +         Gourm    .     (helmet restricted)
rElec  +         Spirit   .     (no cloak)
rCorr  +         Warding  .     (no gloves)
rMut   .         Stasis   .     (no boots)
MR     ++...                    (no amulet)
Stlth  +.........               u - ring of protection from magic (curse)
                                h - ring of protection from magic

@: lethally poisoned (-1 -> -3), short of breath, resistant, very resistant to
hostile enchantments, very unstealthy
A: breathe lightning, unfitting armour, electricity resistance, cold-blooded, AC
+6
a: Breathe Lightning, Renounce Religion


You were on level 4 of the Dungeon.
You worshipped Xom.
You were a beloved toy of Xom.
You were not hungry.

You visited 1 branch of the dungeon, and saw 4 of its levels.

You collected 89 gold pieces.

Inventory:

Missiles
 j - 16 poisoned needles
 w - a throwing net (quivered)
Armour
 p - a +2 shield
Jewellery
 h - a ring of protection from magic (left hand)
 u - a cursed ring of protection from magic (right hand)
Wands
 c - a wand of polymorph (2)
 d - a wand of polymorph (13)
 r - a wand of draining (0)
 t - a wand of disintegration (7)
Scrolls
 g - a scroll of fog
 i - a scroll of magic mapping
 s - a scroll of remove curse
Potions
 f - a potion of brilliance
Books
 v - a book of Changes

   Spells                             Type                      Level
   a - Beastly Appendage              Transmutation                1
   b - Sticks to Snakes               Transmutation                2
   c - Spider Form                    Transmutation/Poison         3
   d - Ice Form                       Ice/Transmutation            4
   e - Blade Hands                    Transmutation                5
Comestibles
 a - 5 bread rations
 b - 2 chunks of flesh {@w1}
 n - a meat ration
 q - a beef jerky


   Skills:
 - Level 3.2 Fighting
 - Level 2.1 Dodging
 + Level 9.0 Unarmed Combat


You had 6 spell levels left.
You didn't know any spells.

Dungeon Overview and Level Annotations

Branches:
Dungeon (4/15)
 Temple: D:4-7

Altars:
Fedhas
Xom


Innate Abilities, Weirdness & Mutations

You can breathe wild blasts of lightning.
Your glossy black scales are hard (AC +6).
Your body does not fit into most forms of armour.
You are resistant to electric shocks.
You are cold-blooded and may be slowed by cold attacks.


Message History

You barely miss the worker ant.
Your tail-slap misses the worker ant.
* * * LOW HITPOINT WARNING * * *
You feel sick. The worker ant completely misses you.
Drink which item? (? for menu, Esc to quit)
Okay, then.
Unknown command.
You hit the worker ant.
Your tail-slap misses the worker ant.
The worker ant is lightly wounded.
The worker ant barely misses you.
You punch the worker ant!
You tail-slap the worker ant, but do no damage.
The worker ant is severely wounded.
Your crimson imp blinks!
The worker ant barely misses you.
You hit the worker ant.
Your tail-slap misses the worker ant.
Your punch misses the worker ant.
The worker ant is severely wounded.
The worker ant bites you.
You die... "Huh?
Did I miss anything?"

*,* #.#<#,* *,*##...
***,****#** #.###.# *,* #...
,,,,,,,,..########.....# *,*
##..
,,,,,,,,,..........##### *,*
#.. ,,,,,,,,,,##..........#
*,* #..
,,,,,,,,,,*#..........##**,*
#..
,,,,,,,,,,*#.............,,*
#..
*********###..........###***
#.. *,,........@.....#
######### *,,.....5.§a.....#
#........ *,,..............#
#........ *,,..............#
#........ *,,..............#
######### *,,........#######
*,,,(......,* *,,,.....[.,*
*,,,,,,,,,,,*


You could see a worker ant and a friendly crimson imp.

Vanquished Creatures
  A warg (D:4)
  A giant frog (D:3)
  Dowan (D:4)
  A scorpion (D:4)
  A centaur skeleton (D:4)
  Natasha (D:4)
  3 iguanas
  A worker ant (D:4)
  A hound zombie (D:3)
  Robin (D:2)
  7 adders
  2 oozes
  An adder skeleton (D:4)
  A worm (D:2)
  2 giant geckos
  8 orcs (D:3)
  7 giant cockroaches
  10 hobgoblins
  4 kobolds
  2 ball pythons
  7 bats
  5 giant newts
  19 goblins
  3 quokkas
  6 rats
96 creatures vanquished.

Vanquished Creatures (collateral kills)
  Sigmund (D:1)
  A centaur (D:4)
2 creatures vanquished.

Grand Total: 98 creatures vanquished

Notes
Turn   | Place    | Note
--------------------------------------------------------------
     0 | D:1      | Zippy the Draconian Chaos Knight began the quest for the Orb.
     0 | D:1      | Reached XP level 1. HP: 19/19 MP: 1/1
   152 | D:1      | XOM: silly message
   402 | D:1      | Reached XP level 2. HP: 26/26 MP: 2/2
   693 | D:1      | XOM: divination: detect creatures
   742 | D:1      | XOM: scenery: create altars
   754 | D:1      | Reached skill level 4 in Unarmed Combat
   923 | D:1      | XOM: silly message
  1010 | D:2      | Noticed Sigmund
  1012 | D:2      | XOM: smoke on damage
  1013 | D:1      | XOM: summons 2 friendly demons
  1019 | D:1      | Killed Sigmund
  1019 | D:1      | Reached skill level 5 in Unarmed Combat
  1019 | D:1      | Reached XP level 3. HP: 19/31 MP: 3/3
  1019 | D:1      | Reached XP level 4. HP: 23/38 MP: 4/4
  1505 | D:2      | Reached XP level 5. HP: 37/45 MP: 5/5
  2096 | D:2      | Noticed Robin
  2099 | D:2      | Reached skill level 6 in Unarmed Combat
  2109 | D:2      | Killed Robin
  2386 | D:3      | XOM is BORED!
  2386 | D:3      | XOM: mild Conj miscast
  2429 | D:3      | XOM: mild Erth miscast
  2479 | D:3      | Reached XP level 6. HP: 43/51 MP: 6/6
  2519 | D:3      | XOM: noise
  2779 | D:3      | Reached skill level 7 in Unarmed Combat
  2808 | D:3      | XOM: polymorph adder -> iguana
  2954 | D:3      | XOM: mild Chrm miscast
  3123 | D:3      | XOM: scenery: create altars
  3423 | D:4      | Found a blossoming altar of Fedhas.
  3708 | D:4      | Noticed Duvessa
  3708 | D:4      | Noticed Dowan
  3721 | D:4      | Noticed Duvessa
  3721 | D:4      | Duvessa changed into Duvessa the warg
  3725 | D:4      | Noticed Natasha
  3729 | D:4      | Killed Duvessa the warg
  3729 | D:4      | Reached skill level 8 in Unarmed Combat
  3729 | D:4      | Your scales start taking on a glossy black colour.
  3729 | D:4      | Gained mutation: You are resistant to electric shocks. [Black Draconian growth]
  3729 | D:4      | Reached XP level 7. HP: 17/57 MP: 7/7
  3730 | D:4      | Killed Natasha
  3735 | D:4      | Killed Dowan
  3753 | D:4      | XOM: harmless Tloc miscast
  3832 | D:4      | XOM: medium Hex miscast
  3856 | D:4      | Noticed Natasha
  3859 | D:4      | Noticed Natasha
  3859 | D:4      | Natasha changed into Natasha the adder
  3869 | D:4      | Killed Natasha the adder
  4038 | D:4      | XOM: polymorph iguana -> steam dragon
  4039 | D:4      | XOM: summons friendly crimson imp
  4044 | D:4      | XOM: god gift: 10 royal jellies
  4053 | D:4      | HP: 2/57 [worker ant (5)]
  4053 | D:4      | Reached skill level 9 in Unarmed Combat
  4057 | D:4      | Slain by a worker ant

Vault maps used:
D:1:      minmay_arrival_three_doors
D:2:      first_bread, uniq_robin, uniq_sigmund
D:4:      lemuel_crystal_altar, serial_shops, shop, uniq_duvessa, uniq_natasha

Action                   |  1- 3 |  4- 6 |  7- 9 || total
-------------------------+-------+-------+-------++-------
Melee: Unarmed           |    82 |   247 |    31 ||   360
 Abil: Breathe Lightning |       |       |     3 ||     3
Evoke: Wand              |       |     2 |     8 ||    10
  Use: Potion            |     1 |     2 |     3 ||     6
       Scroll            |       |     7 |       ||     7
 Stab: Sleeping          |       |     3 |       ||     3
  Eat: Royal jelly       |       |     1 |       ||     1
       Chunk             |       |     7 |     2 ||     9
